AoeStats
← 青山新雨 夜观星河

Socotra

505871976Analyzed
4v4 RM · 22d ago on Sep 11, 2026· 38m 48s· 8 players
Game mode
Random Map
Map size
148×148
Population
200
Speed
Normal
Resources
Standard
Victory
Conquest
Starting age
Dark Age
Ending age
Imperial Age
RankedLock teamsTeams togetherTeam positionsShared explorationLock speedFull tech treeHidden civsTurbo modeCheats
Victory
Defeat
1184
+14
🇨🇳 Inca · China
1171
+15
1145
+16
🇹🇼 Malay · Taiwan
1137
+16
🇨🇳 Saracens · China
1219
-17
🇪🇸 Franks · Spain
1179
-17
🇪🇸 Cumans · Spain
1133
-15
🇨🇳 Huns · China
1050
-12
iran away from the epstein files
4:13 Loom
13:53 Feudal Age
14:20 Double-Bit Axe
15:55 Gold Mining
19:22 Castle Age
17:32 Stone Mining
19:04 Fletching
19:24 Horse Collar
21:06 Bow Saw
20:52 Bodkin Arrow
28:49 Wheelbarrow
30:58 Fortified Wall
39:07 Imperial Age
38:11 Heavy Plow
青山新雨 夜观星河
8:43 Loom
11:19 Feudal Age
16:16 Castle Age
14:58 Double-Bit Axe
15:19 Horse Collar
25:01 Heavy Plow
25:13 Bow Saw
26:41 Wheelbarrow
27:18 Gold Mining
32:16 Imperial Age
30:31 Gold Shaft Mining
32:17 Hand Cart
34:45 Two-Man Saw
34:20 Crop Rotation
33:13 Capped Ram
35:36 Conscription
36:35 Chemistry
35:56 Ballistics
37:03 Fletching
37:43 Bombard Tower
37:20 Murder Holes
38:33 Bodkin Arrow
39:22 Bracer
DeeperDeeper
9:12 Feudal Age
11:57 Man-at-Arms
14:39 Double-Bit Axe
20:44 Castle Age
19:28 Fletching
20:20 Crossbowman
22:24 Bodkin Arrow
离岛
1:06 Loom
13:45 Feudal Age
19:09 Castle Age
17:00 Double-Bit Axe
16:56 Horse Collar
18:25 Stone Mining
18:27 Gold Mining
19:03 Scale Mail Armor
19:14 Forging
19:38 Champi Runner
25:38 Fletching
34:12 Imperial Age
34:17 Onager
yitxdiku
kamicace
8:15 Loom
10:58 Feudal Age
15:14 Double-Bit Axe
16:33 Horse Collar
19:38 Wheelbarrow
23:32 Castle Age
Haploide_ator
10:19 Loom
13:10 Feudal Age
15:58 Double-Bit Axe
20:38 Castle Age
21:15 Scale Barding Armor
wuyu
2:48 Loom
11:24 Feudal Age
16:45 Castle Age
17:02 Double-Bit Axe
Connection lost

Rejoining the realm…

Still unreachable

The connection could not be restored.

Session expired

The server has moved on; the page needs a fresh start.